 Dungeon Crawl Stone Soup version 0.29.0-7-g18a832c13a (webtiles) character file.

Game seed: 10353264324820145079

45 Plorgh the Twirler (level 3, -5/24 HPs)
             Began as a Human Wanderer on Aug 31, 2022.
             Slain by Terence
             ... wielding a +0 flail
              (8 damage)
             ... on level 2 of the Dungeon.
             The game lasted 00:02:23 (1462 turns).

Plorgh the Twirler (Human Wanderer)                 Turns: 1462, Time: 00:02:23

Health: -5/24      AC:  3    Str: 14    XL:     3   Next: 90%
Magic:  3/4        EV: 11    Int: 11    God:
Gold:   35         SH:  0    Dex: 13    Spells: 3/4 levels left

rFire   . . .      SeeInvis .   a - +2 quarterstaff
rCold   . . .      Faith    .   (shield currently unavailable)
rNeg    . . .      Spirit   .   e - +0 leather armour
rPois   .          Reflect  .   (no helmet)
rElec   .          Harm     .   (no cloak)
rCorr   .          Rampage  .   (no gloves)
Will    .....                   (no boots)
Stlth   +.........              j - amulet of magic regeneration
HPRegen 0.08/turn               (no ring)
MPRegen 0.49/turn               (no ring)

@: no status effects
A: no striking features
a: no special abilities


You were on level 2 of the Dungeon.
You visited 1 branch of the dungeon, and saw 2 of its levels.

You collected 35 gold pieces.

Inventory:

Hand Weapons
 a - a +2 quarterstaff (weapon)
 c - a +0 dagger
Missiles
 b - 14 poisoned darts (quivered)
Armour
 e - a +0 leather armour (worn)
Jewellery
 j - an amulet of magic regeneration (around neck)
Scrolls
 d - a scroll of blinking
 f - 3 scrolls of identify {unknown}
 g - a scroll of teleportation {unknown}
 h - 2 scrolls of fog {unknown}
 i - a scroll of immolation {unknown}
 k - a scroll of fear {unknown}


   Skills:
 + Level 4.5 Staves
 - Level 2.0 Throwing
 - Level 1.0 Spellcasting
 - Level 4.0 Fire Magic


You had 3 spell levels left.
You knew the following spells:

 Your Spells              Type           Power      Damage    Failure   Level
a - Foxfire               Conj/Fire      16%        2x1d4     19%         1

Your spell library contained the following spells:

 Spells                   Type           Power      Damage    Failure   Level
 Conjure Flame            Conj/Fire      4%         6-21      47%         3
 Malign Gateway           Summ/Tloc      0%         N/A       100%        7
 Summon Horrible Things   Summ           0%         N/A       100%        8


Dungeon Overview and Level Annotations

Branches:
Dungeon (2/15)

Altars:

Annotations:
D:2 Terence


Message History

Terence hits you but does no damage.
Casting: Foxfire (safe; 19% risk of failure)
Confirm with . or Enter, or press ? or * to list all spells.
You conjure some foxfire!
Terence barely misses you.
Unknown command.
You hit Terence but do no damage.
Terence is heavily wounded.
The foxfire hits Terence but does no damage.
Terence is heavily wounded.
The foxfire hits Terence.
Terence is severely wounded.
Terence hits you with a +0 flail!
* * * LOW HITPOINT WARNING * * *
Casting: Foxfire (safe; 19% risk of failure)
Confirm with . or Enter, or press ? or * to list all spells.
You conjure some foxfire!
Terence barely misses you.
Unknown command.
You hit Terence but do no damage.
Terence is severely wounded.
The foxfire hits Terence but does no damage.
Terence is severely wounded.
The foxfire hits Terence but does no damage.
Terence is severely wounded.
Terence hits you with a +0 flail.
* * * LOW HITPOINT WARNING * * *
Casting: Foxfire (safe; 19% risk of failure)
Confirm with . or Enter, or press ? or * to list all spells.
You conjure some foxfire!
Terence misses you.
Unknown command.
You hit Terence.
Terence is severely wounded.
The foxfire hits Terence but does no damage.
Terence is severely wounded.
The foxfire hits Terence.
Terence is almost dead.
Terence barely misses you.
Casting: Foxfire (safe; 19% risk of failure)
Confirm with . or Enter, or press ? or * to list all spells.
You conjure some foxfire!
Terence hits you with a +0 flail!
You die...

###############
######...v.......>.#
#......@@v.....###.#
..####.#######.# #.#
#.)........#.# #.#
#.##.#####.#.# #)#
.. ... #.# #.# #.#
#..## #.# #.# # ....
#.# #.# .#..# #.#
#.# ..... #.# #.#


You could see Terence (ally target).

Vanquished Creatures
  A dart slug (D:1)
  3 endoplasms (D:1)
  4 goblins (D:1)
  7 hobgoblins (D:1)
  10 jackals
  4 ball pythons (D:1)
  3 bats (D:1)
  2 kobolds (D:1)
  3 rats (D:1)
37 creatures vanquished.

Vanquished Creatures (others)
  14 foxfires (D:2)
  A fungus (D:2)
  3 plants (D:2)
18 creatures vanquished.

Grand Total: 55 creatures vanquished

Notes
Turn   | Place    | Note
-------+----------+-------------------------------------------
     0 | D:1      | Plorgh the Human Wanderer began the quest for the Orb.
     0 | D:1      | Plorgh set off with the following items: a +2 quarterstaff,
                  | 14 poisoned darts, a +0 dagger, a scroll of blinking, a +0
                  | leather armour; and the following spell memorised: Foxfire;
                  | and the following spells available to memorise: Conjure
                  | Flame.
     0 | D:1      | Reached XP level 1. HP: 13/13 MP: 2/2
   220 | D:1      | Reached XP level 2. HP: 14/19 MP: 3/3
   507 | D:1      | Reached XP level 3. HP: 24/24 MP: 4/4
  1437 | D:2      | Noticed Terence
  1462 | D:2      | Slain by Terence

Illustrated notes

Levels and vault maps discovered:
D:1:      spicycebolla_arrival_risky_transporter, layout_basic
D:2:      layout_basic, dreamdust_ecumenical_altar_grove, serial_shops,
          nicolae_shop_behind_doors, grunt_decor_cap, uniq_terence

Skill      XL: |  1  2 |
---------------+-------+-----
Staves         | 4 |  4.5
Throwing       | |  2.0
Spellcasting   | |  1.0
Fire Magic     | |  4.0

Action                   || total
-------------------------++-------
Melee: Quarterstaff      ||    96
 Cast: Foxfire           ||     8
  Use: Potion            ||     1
 Stab: Sleeping          ||     1
Armor: Leather armour    ||    20
Dodge: Dodged            ||    67
